Map: Kairos Junction LE

Players

DeadlyKitten

  • Race: Zerg Zerg
  • League: Silver
  • Spawn Location: 11:00

ElkBorne - Winner!

  • Race: Terran Terran
  • League: Gold
  • Spawn Location: 5:00

VOD

Have the link to the VOD?

Description

The fleet

Time

  • Played on: Dec. 15, 2018, 5:29 a.m.
  • Length: 14:28
Show
View Real Time Build Order
Export as new Build Order

DeadlyKitten Zerg 

Build Orders: Hatch First 

Get SALT Encoding   

  12  0:01  Drone  
  13  0:09  Drone  
  14  0:17  Overlord  
  15  0:35  Drone  
  15  0:37  Drone x2  
  17  0:52  Drone  
  18  1:00  Hatchery  
  18  1:03  Drone  
  18  1:08  Extractor  
  17  1:13  Drone  
  18  1:21  Spawning Pool  
  18  1:24  Drone  
  18  1:34  Drone  
  19  1:41  Drone  
  20  1:55  Extractor  
  20  1:57  Drone  
  20  2:02  Drone  
  21  2:12  Queen  
  23  2:23  Drone x2  
  23  2:25  Drone x2  
  27  2:36  Drone  
  28  2:38  Overlord  
  28  2:50  Extractor  
  27  2:52  Lair  
  27  2:56  Drone  
  27  2:57  Drone  
  29  3:00  Drone x2  
  31  3:06  Extractor  
  30  3:16  Drone  
  30  3:17  Drone x2  
  33  3:28  Drone x3  
  33  3:32  Overlord x2  
  36  3:41  Hatchery  
  36  3:48  Drone  
  36  3:53  Drone x3  
  36  3:54  Drone  
  40  4:17  Overlord  
  40  4:18  Spire, Drone  
  40  4:19  Drone x2  
  42  4:25  Hatchery  
  42  4:30  Drone x2  
  43  4:34  Drone  
  44  4:46  Drone x2  
  46  5:09  Drone  
  46  5:10  Drone x2  
  46  5:12  Overlord x3  
  49  5:39  Mutalisk x7  
  49  5:40  Mutalisk x4  
  71  5:51  Mutalisk x4  
  79  6:00  Mutalisk  
  79  6:01  Mutalisk  
  83  6:17  Hatchery  
  82  6:28  Mutalisk  
  82  6:29  Mutalisk x2, Evolution Chamber  
  87  6:43  Mutalisk  
  83  6:48  Mutalisk  
  71  7:07  Mutalisk x2  
  75  7:09  Zergling x10  
  75  7:10  Zergling x10  
  77  7:31  Spore Crawler  
  77  7:35  Spore Crawler  
  77  7:36  Spore Crawler  
  74  7:38  Zergling x2  
  74  7:39  Zergling x12  
  74  7:43  Hydralisk Den  
  80  7:50  Spore Crawler  
  78  7:52  Spore Crawler  
  71  8:10  Zerg Ground Armor Level 1  
  65  8:24  Hatchery  
  65  8:26  Drone x3  
  63  8:27  Drone x3  
  62  8:51  Drone  
  62  8:52  Drone x7  
  62  8:53  Drone x5  
  76  9:05  Spore Crawler  
  75  9:16  Extractor  
  71  9:20  Extractor  
  71  9:21  Hydralisk x2  
  71  9:22  Hydralisk x6  
  71  9:23  Hydralisk x3  
  86  9:37  Overlord  
  86  9:38  Overlord x4  
  78  9:39  Overlord x2  
  70  9:56  Drone  
  70  9:57  Drone x7  
  70  9:58  Drone x2  
  72  10:10  Drone x5  
  72  10:11  Drone  
  79  10:21  Drone  
  79  10:26  Muscular Augments  
  79  10:30  Zerg Missile Weapons Level 1  
  79  10:34  Evolution Chamber  
  76  10:36  Spore Crawler  
  76  10:39  Spore Crawler  
  68  10:46  Spore Crawler  
  45  11:09  Drone x3  
  45  11:10  Drone x6  
  45  11:11  Drone x4  
  54  11:32  Metabolic Boost  
  50  11:36  Hydralisk x2  
  50  11:37  Grooved Spines  
  43  11:42  Drone x2  
  38  11:49  Hydralisk  
  38  11:51  Hydralisk  
  30  12:13  Hydralisk x3  
  36  12:30  Hydralisk x2  
  36  12:31  Hydralisk  
  36  12:45  Hydralisk x3  
  31  13:06  Hydralisk  
  31  13:07  Hydralisk x3  
  33  13:17  Hydralisk  
  30  13:38  Drone x3  
  24  14:02  Drone x5  
Show
View Real Time Build Order
Export as new Build Order

ElkBorne Terran - Winner!

Build Orders:  

Get SALT Encoding   

  12  0:01  SCV  
  13  0:13  SCV  
  14  0:18  Supply Depot  
  14  0:25  SCV  
  15  0:36  Refinery  
  15  0:41  Barracks  
  15  0:45  SCV  
  16  0:57  SCV  
  17  1:09  SCV  
  18  1:21  SCV  
  19  1:29  Supply Depot  
  19  1:33  SCV  
  19  1:34  Barracks Reactor  
  20  1:45  SCV  
  21  1:57  SCV  
  22  2:03  Command Center  
  22  2:09  SCV  
  23  2:15  Factory  
  23  2:17  Refinery  
  23  2:25  SCV  
  23  2:27  Marine x2  
  27  2:37  SCV  
  27  2:39  Supply Depot  
  27  2:48  Marine x2  
  27  2:49  SCV  
  30  3:02  Starport  
  30  3:15  SCV  
  30  3:16  Marine x2, Bunker  
  33  3:24  Factory Tech Lab  
  33  3:27  SCV  
  33  3:31  Orbital Command  
  34  3:37  Marine x2  
  34  3:40  Starport Tech Lab  
  36  3:49  Fusion Core  
  36  3:52  SCV  
  37  4:01  Bunker  
  37  4:04  SCV x2  
  39  4:16  SCV  
  40  4:26  Refinery  
  40  4:28  Refinery, SCV  
  41  4:31  Orbital Command  
  41  4:40  SCV  
  41  4:42  Armory  
  42  4:48  Siege Tank  
  42  4:52  SCV  
  46  5:04  SCV  
  47  5:09  Battlecruiser  
  53  5:15  Supply Depot  
  53  5:16  SCV  
  53  5:20  Weapon Refit  
  54  5:36  SCV x2  
  54  5:37  Terran Ship Weapons Level 1  
  56  5:46  Starport  
  56  5:48  SCV x2  
  56  5:49  Marine x2  
  60  5:56  Supply Depot  
  60  6:00  SCV x2  
  62  6:13  Battlecruiser, SCV x2  
  70  6:36  Starport Tech Lab  
  57  6:54  Command Center  
  48  7:20  SCV x2  
  49  7:27  Battlecruiser  
  49  7:28  Battlecruiser  
  61  7:32  SCV x2  
  63  7:37  Engineering Bay  
  63  7:44  SCV  
  64  7:53  SCV  
  64  7:56  SCV  
  66  8:05  SCV  
  67  8:16  SCV  
  68  8:24  SCV  
  69  8:28  SCV  
  70  8:36  SCV  
  70  8:40  SCV  
  72  8:48  SCV  
  73  8:52  SCV  
  73  8:54  Terran Ship Weapons Level 2  
  74  8:59  Missile Turret  
  74  9:05  SCV  
  74  9:07  Missile Turret x2  
  74  9:08  Missile Turret x2  
  75  9:20  Missile Turret  
  75  9:39  Battlecruiser x2  
  75  9:42  Missile Turret  
  75  9:44  Marine x2  
  89  10:02  Marine  
  89  10:03  Missile Turret  
  84  10:22  Missile Turret  
  84  10:26  Missile Turret x2  
  84  10:28  Missile Turret  
  84  10:30  Missile Turret  
  84  10:37  SCV  
  84  10:41  SCV  
  86  10:43  Battlecruiser, SCV  
  94  10:50  SCV  
  94  10:53  SCV  
  94  10:55  SCV  
  96  11:02  SCV  
  97  11:06  Battlecruiser  
  97  11:07  SCV  
  98  11:19  SCV  
  98  11:24  SCV x2  
  101  11:48  Supply Depot, SCV x3  
  101  11:52  Supply Depot  
  104  12:00  SCV x2  
  106  12:06  Battlecruiser  
  112  12:11  Battlecruiser  
  112  12:12  SCV x2  
  120  12:24  SCV x2  
  122  12:30  Refinery x2  
Tags
 
Add a new tag
Caveats
  • Supply blocks, unpowered buildings, or Contaminate may cause inaccurate times.
  • Supply counts are checked every 10 seconds.